 Dungeon Crawl Stone Soup version 0.27-a0-1586-gd5c625afe7 (webtiles) character file.

Game seed: 5221930026735625459

20132 MacCMillion the Nimble (level 12, -4/97 HPs)
             Began as a Merfolk Ice Elementalist on July 18, 2021.
             Was an Elder of Dithmenos.
             Slain by a torpor snail (45 damage)
             ... on level 2 of the Lair of Beasts.
             The game lasted 02:12:41 (25217 turns).

MacCMillion the Nimble (Merfolk Ice Elementalist)  Turns: 25217, Time: 02:12:41

Health: -4/97      AC: 15    Str: 11    XL:     12   Next: 76%
Magic:  8/18       EV: 16    Int: 16    God:    Dithmenos [****..]
Gold:   708        SH:  0    Dex: 15    Spells: 8/20 levels left

rFire    + . .     SeeInvis .   y - +4 scimitar (flame)
rCold    . . .     Faith    .   F - +0 buckler
rNeg     . . .     Spirit   .   o - +0 acid dragon scales
rPois    .         Reflect  .   m - +1 helmet
rElec    .         Harm     .   (no cloak)
rCorr    +         Rampage  .   b - +0 pair of gloves
Will     +....                  (no boots)
Stlth    ++++++....             (no amulet)
HPRegen  0.26/turn              v - ring of willpower
MPRegen  0.16/turn              R - ring of protection from fire

@: ice-armoured, sleeping, freezing walls, slowed, wreathed by umbra
A: (nimble swimmer 2), mertail
a: Renounce Religion, Shadow Step


You were on level 2 of the Lair of Beasts.
You worshipped Dithmenos.
Dithmenos was greatly pleased with you.
You visited 3 branches of the dungeon, and saw 14 of its levels.

You collected 708 gold pieces.

Inventory:

Hand Weapons
 d - the +1 falchion "Loylos" {freeze, rC++ Will- Str+2}
   (You found it on level 5 of the Dungeon)

   It freezes those it strikes, dealing additional cold damage.
   It can also slow down cold-blooded creatures.
   Str:       It affects your strength (+2).
   rC:        It greatly protects you from cold.
   Will:      It decreases your willpower.
 j - a +2 war axe of flaming
 n - a +2 dagger of holy wrath
 t - a +0 whip of freezing
 y - a +4 scimitar of flaming (weapon)
 J - a +1 dagger of venom
Missiles
 a - 6 curare-tipped darts
 f - a throwing net
 O - 37 poisoned darts
Armour
 b - a +0 pair of gloves (worn)
 m - a +1 helmet (worn)
 o - +0 acid dragon scales (worn)
 F - a +0 buckler (worn)
Magical Staves
 e - a staff of cold
 E - a staff of earth
 K - a staff of poison
Jewellery
 v - a ring of willpower (left hand)
 z - a +6 ring of strength
 D - a ring of willpower
 I - an amulet of guardian spirit
 R - a ring of protection from fire (right hand)
Wands
 q - a wand of iceblast (35)
 u - a wand of charming (19)
 H - a wand of flame (17)
 M - a wand of digging (6)
 P - a wand of acid (17)
Scrolls
 l - 2 scrolls of blinking
 r - 2 scrolls of teleportation
 s - 2 scrolls of enchant weapon {unknown}
 A - a scroll of magic mapping {unknown}
 B - 2 scrolls of amnesia {unknown}
Potions
 c - 3 potions of lignification
 g - 3 potions of ambrosia
 h - a potion of might
 i - 5 potions of curing
 k - 4 potions of flight
 p - 3 potions of mutation
 w - a potion of resistance {unknown}
 x - a potion of cancellation {unknown}
 C - a potion of invisibility
 G - 2 potions of attraction {unknown}
 L - a potion of degeneration {unknown}
 N - a potion of magic {unknown}
 S - a potion of haste {unknown}


   Skills:
 - Level 10.0 Fighting
 - Level 10.0(10.4) Short Blades
 - Level 4.2(7.2) Long Blades
 - Level 3.0 Armour
 - Level 10.9 Dodging
 + Level 9.1 Stealth
 - Level 4.0 Shields
 - Level 4.5 Spellcasting
 * Level 3.7 Hexes
 - Level 9.0 Ice Magic
 - Level 5.0 Evocations


You had 8 spell levels left.
You knew the following spells:

 Your Spells              Type           Power      Damage    Failure   Level
a - Freeze                Ice            100%       1d11      1%          1
b - Frozen Ramparts       Ice            64%        1d8       1%          3
c - Ozocubu's Armour      Ice            32%        N/A       1%          3
d - Confusing Touch       Hex            15%        N/A       16%         3
e - Slow                  Hex            15%        N/A       8%          2

Your spell library contained the following spells:

 Spells                   Type           Power      Damage    Failure   Level
 Static Discharge         Conj/Air       3%         N/A       36%         2
 Hailstorm                Conj/Ice       18%        3d6       36%         4
 Vampiric Draining        Necr           1%         2d6       58%         3
 Freezing Cloud           Conj/Ice/Air   6%         6-21      89%         5
 Dispel Undead            Necr           3%         3d7       94%         4
 Sticky Flame             Conj/Fire      3%         2d3       94%         4
 Simulacrum               Ice/Necr       9%         N/A       99%         6
 Polar Vortex             Ice            16%        N/A       100%        9


Dungeon Overview and Level Annotations

Branches:
Dungeon (11/15)            Temple (1/1) D:4            Lair (2/6) D:9
  Snake (0/4) Lair:2          Orc (0/2) D:11
  Swamp: Lair:2-4    Shoals: Lair:2-4

Altars:
Ashenzari
Cheibriados
Dithmenos
Elyvilon
Fedhas
Gozag
Hepliaklqana
Kikubaaqudgha
Makhleb
Nemelex Xobeh
Okawaru
Qazlal
Ru
Sif Muna
Trog
Uskayaw
Vehumet
Wu Jian
Xom
Yredelemnul
Zin
The Shining One

Shops:
D:3 [

Annotations:
D:4 1 runed translucent door, dricus's ghost, amateur DjAE
D:9 Erica


Innate Abilities, Weirdness & Mutations

((You are quick and stealthy near water. (Stealth+, EV+, Speed+++)))
Your lower body shifts to a powerful aquatic tail in water.


Message History

The wall freezes the torpor snail.
The torpor snail closely misses you.
The wall freezes the dream sheep.
The dream sheep closely misses you.
Unknown command.
Unknown command.
Casting: Ozocubu's Armour (safe; 1% risk of failure)
Confirm with . or Enter, or press ? or * to list all spells.
Your icy armour thickens.
The frozen ramparts melt away.
The dream sheep misses you.
The dream sheep bites you but does no damage.
The torpor snail barely misses you. The dream sheep bites you.
The dream sheep bites you! The dream sheep barely misses you.
Casting: Ozocubu's Armour (safe; 1% risk of failure)
Confirm with . or Enter, or press ? or * to list all spells.
Casting: Frozen Ramparts (safe; 1% risk of failure)
Press: ? - help, Dir - look around, f - activate This square is wreathed by an umbra.
The walls around you are covered in ice.
The wall freezes the dream sheep.
You block the dream sheep's attack.
The wall freezes the torpor snail.
The torpor snail bites you but does no damage.
The wall freezes the dream sheep.
The dream sheep closely misses you.
The wall freezes the dream sheep!
You kill the dream sheep!
Dithmenos accepts your kill.
Unknown command.
Your +2 dagger of holy wrath stops glowing.
Your +4 scimitar of flaming bursts into flame!
y - a +4 scimitar of flaming (weapon)
The wall freezes the dream sheep!
The dream sheep shake their wool and sparkle.
You feel drowsy...
You fall asleep.
The wall freezes the torpor snail.
The torpor snail completely misses you.
The wall freezes the dream sheep.
You kill the dream sheep!
Dithmenos accepts your kill.
The wall freezes the dream sheep.
You kill the dream sheep!
Dithmenos accepts your kill.
The wall freezes the torpor snail!
The torpor snail bites you!!!
You die...

#. ##.....#...#.. #
##.....##...# ...
+...........#.....
###.....#...##...# ..
#......#...P#...#
..##..........##...#
..≈##....#....##...##
≈≈..#....###.P##....#
≈≈.......P#†@###...#
≈≈..........†w.....#
≈..................#
.<.................##
...................P#
≈...P..†..###......##
..#........####....##
. ###.....#....#....#
#......#..##...##


You could see a torpor snail.

Vanquished Creatures
  5 two-headed ogres
  Sonja (D:11)
  Pikel (D:4)
  An ugly thing (D:11)
  A cyclops (D:11)
  Maurice (D:8)
  A gargoyle (D:11)
  A rime drake (Lair:2)
  3 cane toads
  Maggie (D:6)
  4 komodo dragons
  A troll (D:11)
  2 hornets
  Prince Ribbit (D:7)
  5 blink frogs (Lair:1)
  3 dream sheep (Lair:2)
  Sigmund (D:5)
  A wraith (D:10)
  18 yaks
  3 steam dragons
  3 nagas (Lair:2)
  Menkaure (D:5)
  4 acid dragons
  5 water moccasins
  4 orc warriors
  3 ice beasts
  A sky beast (D:7)
  2 black bears (Lair:2)
  3 ogres (D:11)
  5 wolves (Lair:1)
  3 centaurs
  3 phantoms
  A lemure (D:4)
  4 kobold brigands
  4 bullfrogs
  A wyvern zombie (D:6)
  8 gnoll sergeants
  6 scorpions
  A water moccasin skeleton (D:5)
  6 killer bees (D:9)
  6 wights
  6 howler monkeys
  3 centaur zombies
  3 jellies
  5 orc priests
  A hound (D:7)
  2 centaur skeletons
  5 orc wizards
  2 iguanas
  A hound zombie (D:5)
  Robin (D:4)
  3 adders
  13 gnolls
  A howler monkey skeleton (D:6)
  A shadow imp (D:8)
  A white imp (D:4)
  3 worms
  2 dart slugs
  21 orcs
  8 endoplasms
  3 giant cockroaches
  6 hobgoblins
  6 jackals
  24 kobolds
  6 quokkas
  5 ball pythons
  7 bats
  7 frilled lizards
  16 goblins
  4 rats
295 creatures vanquished.

Vanquished Creatures (collateral kills)
  2 kobolds (D:8)
2 creatures vanquished.

Vanquished Creatures (others)
  A kobold brigand (D:8)
  An orc (D:11)
  A kobold (D:9)
  2 fungi
  20 plants
25 creatures vanquished.

Grand Total: 322 creatures vanquished

Notes
Turn   | Place    | Note
-------+----------+-------------------------------------------
     0 | D:1      | MacCMillion the Merfolk Ice Elementalist began the quest
                  | for the Orb.
     0 | D:1      | Reached XP level 1. HP: 13/13 MP: 3/3
     3 | D:1      | Noticed an electric eel
     4 | D:1      | Noticed an electric eel
   246 | D:1      | Found a faded altar of an unknown god.
   359 | D:2      | Reached XP level 2. HP: 12/19 MP: 1/5
   623 | D:1      | Reached skill level 5 in Ice Magic
  1074 | D:1      | Reached XP level 3. HP: 22/24 MP: 2/6
  1677 | D:2      | Learned a level 3 spell: Frozen Ramparts
  3201 | D:3      | Reached XP level 4. HP: 24/30 MP: 3/7
  3677 | D:3      | Learned a level 3 spell: Ozocubu's Armour
  3955 | D:3      | Found Ugeizxy's Armour Shoppe.
  4332 | D:3      | Reached XP level 5. HP: 35/35 MP: 9/9
  4740 | D:4      | Noticed a lemure
  4740 | D:4      | Noticed a lemure
  4740 | D:4      | Noticed a lemure
  4951 | D:4      | Found a staircase to the Ecumenical Temple.
  4957 | Temple   | Entered the Ecumenical Temple
  5126 | Temple   | Became a worshipper of Dithmenos the Shadowed
  5286 | D:4      | Noticed Pikel
  5328 | D:4      | Killed a lemure
  5329 | D:4      | Killed Pikel
  5330 | D:4      | Reached XP level 6. HP: 35/46 MP: 0/12
  5330 | D:4      | Reached XP level 7. HP: 39/51 MP: 0/13
  5616 | D:4      | Noticed Robin
  5638 | D:4      | Killed Robin
  5788 | D:4      | Reached skill level 1 in Armour
  5962 | D:4      | Found a runed translucent door.
  5964 | D:4      | Noticed dricus's ghost (amateur DjAE)
  6379 | D:5      | Entered Level 5 of the Dungeon
  6379 | D:5      | Noticed Sigmund
  6411 | D:5      | Noticed Menkaure
  6418 | D:5      | Identified a scroll of acquirement
  6418 | D:5      | Acquired a staff of cold
  6420 | D:5      | HP: 1/52 [phantom (6)]
  6422 | D:5      | Killed Menkaure
  6423 | D:5      | Reached XP level 8. HP: 1/58 MP: 4/14
  6735 | D:5      | Reached * piety under Dithmenos
  6786 | D:5      | Identified the +1 falchion "Loylos" {freeze, rC++ Will-
                  | Str+2}
  7260 | D:5      | Reached skill level 5 in Fighting
  8194 | D:6      | Noticed Maggie
  8349 | D:6      | Reached XP level 9. HP: 69/69 MP: 15/15
  8460 | D:6      | Reached skill level 5 in Short Blades
  8460 | D:6      | Reached skill level 5 in Stealth
  9990 | D:7      | Reached skill level 5 in Dodging
 10347 | D:7      | Reached ** piety under Dithmenos
 10633 | D:7      | Found a burning altar of Makhleb.
 11048 | D:8      | Noticed a two-headed ogre
 11237 | D:8      | Noticed Maurice
 11632 | D:7      | Reached XP level 10. HP: 18/76 MP: 9/16
 12888 | D:8      | Killed Maurice
 13573 | D:8      | Noticed Prince Ribbit
 13591 | D:7      | Killed Prince Ribbit
 13709 | D:7      | Reached skill level 10 in Dodging
 14147 | D:5      | Killed Sigmund
 14148 | D:5      | Reached skill level 10 in Short Blades
 14439 | D:6      | Killed Maggie
 15229 | D:8      | Killed a two-headed ogre
 16248 | D:8      | Reached XP level 11. HP: 60/81 MP: 0/17
 16254 | D:8      | Reached skill level 5 in Evocations
 16620 | D:9      | Noticed a two-headed ogre
 16689 | D:9      | Found a hide-covered altar of Uskayaw.
 16833 | D:9      | Noticed a two-headed ogre
 17001 | D:9      | Killed a two-headed ogre
 17002 | D:9      | Reached skill level 1 in Shields
 17303 | D:9      | Found an iron altar of Okawaru.
 17305 | D:9      | Found a stormy altar of Qazlal.
 17309 | D:9      | Found a hazy altar of Hepliaklqana.
 17344 | D:9      | Noticed a two-headed ogre
 17354 | D:9      | Killed a two-headed ogre
 17359 | D:9      | Killed a two-headed ogre
 17642 | D:9      | Found a staircase to the Lair.
 18978 | D:9      | Reached *** piety under Dithmenos
 19187 | D:10     | Entered Level 10 of the Dungeon
 19382 | D:10     | Noticed a two-headed ogre
 19418 | D:10     | Killed a two-headed ogre
 20137 | D:10     | Noticed Erica
 20907 | D:10     | Found a radiant altar of Vehumet.
 21299 | D:11     | Noticed Sonja
 21307 | D:11     | Killed Sonja
 21405 | D:11     | Found a staircase to the Orcish Mines.
 21841 | D:11     | Noticed a cyclops
 21848 | D:11     | Killed a cyclops
 21849 | D:11     | Reached XP level 12. HP: 73/96 MP: 10/18
 22285 | D:11     | Reached skill level 10 in Fighting
 23511 | Lair:1   | Entered Level 1 of the Lair of Beasts
 23538 | Lair:1   | Reached skill level 1 in Long Blades
 23741 | Lair:1   | Reached **** piety under Dithmenos
 24280 | Lair:1   | Learned a level 3 spell: Confusing Touch
 24742 | Lair:2   | Reached skill level 1 in Hexes
 24853 | Lair:2   | Found a staircase to the Snake Pit.
 25032 | Lair:2   | Learned a level 2 spell: Slow
 25217 | Lair:2   | Slain by a torpor snail

Illustrated notes

Levels and vault maps discovered:
D:1:      arrival_aquarium_b, layout_basic, shapermc_ecumenical_altar_notcrosses
D:2:      layout_loops_ring, minmay_octomino_e4
D:3:      layout_basic, serial_shops, shop, minmay_hedge_maze
D:4:      layout_rooms, minmay_temple_entry_fiery,
          ebering_ghost_reflecting_pool, uniq_robin, uniq_pikel
D:5:      layout_loops_cross, uniq_menkaure, uniq_sigmund
D:6:      layout_cave_pods, serial_glass, glass_columns_a, glass_columns_a,
          glass_columns_a, glass_columns_a, glass_columns_b, glass_columns_a,
          uniq_maggie
D:7:      layout_loops_ring, mainiacjoe_overflow_24_doors
D:8:      layout_gridville, uniq_maurice, uniq_prince_ribbit1
D:9:      layout_roguey, mainiacjoe_overflow_catwalk, minitemple,
          david_lair_shrubbed
D:10:     layout_basic, vehumet_crystals, uniq_erica
D:11:     layout_irregular_city, kennysheep_orc_monster_closet_entryway,
          gauntlet_entry_generic, uniq_sonja
Temple:   eino_temple_scatter_basement
Lair:1:   layout_chaotic_city
Lair:2:   layout_regular_city, minmay_swamp_entry_worms,
          minmay_snake_entry_guardpost_small, minivault_26,
          infiniplex_staircase_pool, minmay_lair_oklob_chamber

Skill      XL: |  1  2  3  4  5  6  7  8  9 10 11 12 |
---------------+-------------------------------------+-----
Ice Magic      | 5 6 7 9 |  9.0
Spellcasting   | 4 |  4.5
Short Blades   | 3 4 8 10 | 10.0
Stealth        | 4 6 9 |  9.1
Fighting       | 2 3 6 9 10 | 10.0
Armour         | 3 |  3.0
Dodging        | 7 10 | 10.9
Evocations     | 4 5 |  5.0
Shields        | 4 |  4.0
Long Blades    | 4 |  4.2
Hexes          | 3 |  3.7

Action                   |  1- 3 |  4- 6 |  7- 9 | 10-12 || total
-------------------------+-------+-------+-------+-------++-------
Melee: Unarmed           |     1 |       |       |       ||     1
       Dagger            |    12 |    15 |   218 |   294 ||   539
       Scimitar          |       |       |       |    24 ||    24
 Cast: Freeze            |    69 |    35 |   117 |   268 ||   489
       Frozen Ramparts   |     3 |     6 |    23 |    51 ||    83
       Ozocubu's Armour  |       |     1 |    22 |    53 ||    76
Evoke: Wand              |       |       |     1 |    18 ||    19
  Use: Scroll            |     1 |     2 |     7 |     7 ||    17
       Potion            |       |       |       |     2 ||     2
 Stab: Sleeping          |     4 |     3 |     4 |    10 ||    21
       Distracted        |       |       |     1 |     1 ||     2
Armor: Robe              |    11 |     7 |       |       ||    18
       Leather armour    |       |       |   105 |    14 ||   119
       Skin              |       |       |       |     9 ||     9
       Acid dragon scale |       |       |       |    94 ||    94
Dodge: Dodged            |    37 |    16 |   205 |   386 ||   644
Block: Buckler           |       |       |       |    23 ||    23
       Rpst.: Scimitar   |       |       |       |    11 ||    11

Table legend: (Time is in decaauts)
 A = Elapsed time spent in this place.
 B = Non-inter-level travel time spent in this place.
 C = Inter-level travel time spent in this place.
 D = Time resting spent in this place.
 E = Time spent auto-exploring this place.
 F = Levels seen in this place.
 G = Mean time per level.
                   A        B        C        D        E       F      G
               +--------+--------+--------+--------+--------+-----+--------+
         Total |  25082 |  24135 |    947 |  11096 |   8308 |  14 | 1791.6 |
       Dungeon |  23200 |  22295 |    905 |  10563 |   7376 |  11 | 2109.1 |
        Temple |    182 |    150 |     32 |      0 |    148 |   1 |  182.0 |
          Lair |   1699 |   1689 |     10 |    533 |    784 |   2 |  849.5 |
               +--------+--------+--------+--------+--------+-----+--------+

Top non-repeatable levels by time:
     D:7: 4527 daAuts
     D:8: 2576 daAuts
     D:9: 2191 daAuts
    D:10: 2160 daAuts
     D:6: 2137 daAuts
     D:4: 1963 daAuts
     D:3: 1862 daAuts
     D:5: 1460 daAuts
    D:11: 1458 daAuts
     D:1: 1439 daAuts
     D:2: 1421 daAuts
  Lair:1: 1209 daAuts
  Lair:2: 490 daAuts
  Temple: 182 daAuts
